 Dungeon Crawl Stone Soup version 0.23.2-1-ga50397a6bc (webtiles) character file.

Game seed: 1614122491210419730

2417 Ikoden the Shield-Bearer (level 9, -6/54 HPs)
             Began as a Gargoyle Fighter on May 14, 2019.
             Was a Believer of Qazlal.
             Mangled by a two-headed ogre
             ... wielding a +0 giant spiked club
              (17 damage)
             ... on level 7 of the Dungeon.
             The game lasted 00:19:26 (8349 turns).

Ikoden the Shield-Bearer (Gargoyle Fighter)         Turns: 8349, Time: 00:19:27

Health: -6/54      AC: 21    Str: 22 (24) XL:     9   Next: 47%
Magic:  9/9        EV:  9    Int:  8 (10) God:    Qazlal [**....]
Gold:   474        SH: 13    Dex:  8 (9)  Spells: 8/8 levels left

rFire    x . .     SeeInvis .   v - +0 morningstar
rCold    + . .     Gourm    .   c - +0 shield
rNeg     + . .     Faith    .   b - +0 scale mail
rPois    ∞         Spirit   .   (no helmet)
rElec    +         Reflect  .   h - scarf {cloud immunity}
rCorr    .         Harm     .   r - +0 pair of gloves
MR       .....                  (no boots)
Stlth    ..........             (no amulet)
HPRegen  0.18/turn              g - +6 ring of protection
MPRegen  0.11/turn              o - ring of ice

@: flying
A: negative energy resistance 1, electricity resistance, strong 1, wild magic 1,
unbreathing, petrification resistance, rot immunity, AC +6
a: Upheaval, Renounce Religion


You were on level 7 of the Dungeon.
You worshipped Qazlal.
Qazlal was pleased with you.
You were not hungry.

You visited 2 branches of the dungeon, and saw 9 of its levels.

You collected 474 gold pieces.

Inventory:

Hand Weapons
 a - a +0 flail
 d - a +0 flail
 q - a +1 falchion of slicing
 v - a +0 morningstar (weapon)
Armour
 b - a +0 scale mail (worn)
 c - a +0 shield (worn)
 h - a scarf of cloud immunity (worn)
 p - a +0 robe
 r - a +0 pair of gloves (worn)
 w - a +2 pair of gloves
Jewellery
 g - a +6 ring of protection (left hand)
 o - a ring of ice (right hand)
Wands
 n - a wand of random effects (23)
Scrolls
 e - 3 scrolls of amnesia {unknown}
 j - 5 scrolls of remove curse {unknown}
 l - 3 scrolls of enchant armour {unknown}
 s - 5 scrolls of identify {unknown}
 t - 2 scrolls of blinking {unknown}
 u - 3 scrolls of teleportation {unknown}
 y - a scroll of silence {unknown}
Potions
 k - a potion of mutation
Comestibles
 f - 8 rations


   Skills:
 + Level 5.0 Fighting
 + Level 7.9 Maces & Flails
 + Level 6.3 Armour
 + Level 2.7 Dodging
 + Level 2.1 Stealth
 + Level 7.9 Shields


You had 8 spell levels left.
You didn't know any spells.
Your spell library contained the following spells:

 Spells                   Type           Power        Failure   Level  Hunger
 Confusing Touch          Hex            #.....       97%         1    ##.....
 Flame Tongue             Conj/Fire      #....        97%         1    ##.....
 Throw Flame              Conj/Fire      #.....       99%         2    ###....
 Confuse                  Hex            #.......     100%        3    ####...
 Conjure Flame            Conj/Fire      #.......     100%        3    ####...
 Gell's Gravitas          Tloc           #.........   100%        3    ####...
 Inner Flame              Hex/Fire       #.......     100%        3    ####...
 Petrify                  Tmut/Erth      #.......     100%        4    #####..
 Sticky Flame             Conj/Fire      #.......     100%        4    #####..
 Fireball                 Conj/Fire      #.........   100%        5    ######.
 Metabolic Englaciation   Hex/Ice        #.........   100%        5    ######.
 Yara's Violent Unravell  Hex/Tmut       #.........   100%        5    ######.


Dungeon Overview and Level Annotations

Branches:
Dungeon (8/15)             Temple (1/1) D:4
   Lair: D:8-11

Altars:
Ashenzari
Cheibriados
Dithmenos
Elyvilon
Fedhas
Gozag
Hepliaklqana
Kikubaaqudgha
Makhleb
Nemelex Xobeh
Okawaru
Qazlal
Ru
Trog
Uskayaw
Vehumet
Wu Jian
Xom
Yredelemnul
Zin
The Shining One

Shops:
D:6 *


Innate Abilities, Weirdness & Mutations

You are resistant to torment.
Your stone body is resilient. (AC +6)
You are immune to poison.
You resist negative energy. (rN+)
You are resistant to electric shocks. (rElec)
You can survive without breathing.
You are immune to petrification.
You are immune to rotting.
Your muscles are strong. (Str +2)
Your spells are a little harder to cast, but a little more powerful.


Message History

There is a stone staircase leading down here.
You climb downwards.
You block the orc's attack. The shadow imp barely misses you.
There is a stone staircase leading up here.
The two-headed ogre hits you with a +0 giant spiked club!
You block the two-headed ogre's attack.
The orc priest mumbles some strange prayers to Beogh against you.
Beogh smites you! You block the orc's attack. The shadow imp gestures at you.
Pain shoots through your body!
You climb upwards.
There is a stone staircase leading down here.
You feel very buoyant.
You fly up into the air.
The orc completely misses you.
The two-headed ogre hits you with a +0 giant spiked club!!
* * * LOW HITPOINT WARNING * * *
You block the two-headed ogre's attack. You block the shadow imp's attack.
You barely miss the shadow imp. The orc barely misses you.
The two-headed ogre hits you with a +0 giant spiked club!
You die...

############ ##..........##
##............## ##
#....[.........# #.
#..[>).........# #.
#..o)..........# #.
#.@O..........(###.
#.○5.......".((((..
##............###.#
#####..........## #.# ######
#..####....##..# #.#
#....#####<## #..(.###.####.#
#.##........###....###......#
#.##.####............######.#
#....## ###..........######..


You could see a two-headed ogre, a shadow imp and an orc.

Vanquished Creatures
  A spriggan (D:7)
  3 orc warriors (D:7)
  2 ice beasts
  3 ogres
  2 phantoms (D:7)
  2 centaurs (D:7)
  2 bullfrogs
  2 howler monkeys
  A crimson imp (D:5)
  5 hounds
  2 orc priests
  A centaur skeleton (D:6)
  Terence (D:3)
  3 iguanas
  Natasha (thrice) (D:3)
  2 orc wizards
  6 worker ants
  A mummy (D:6)
  A worker ant zombie (D:5)
  Robin (D:3)
  8 adders
  4 gnolls (D:2)
  An ooze (D:1)
  An adder skeleton (D:4)
  5 worms
  5 dart slugs
  3 leopard geckos
  31 orcs
  4 giant cockroaches
  11 hobgoblins
  15 jackals
  3 ball pythons
  7 bats
  6 frilled lizards
  A giant cockroach zombie (D:6)
  15 goblins
  A jackal skeleton (D:6)
  16 kobolds
  2 leopard gecko skeletons
  2 quokka skeletons (D:4)
  7 rats
192 creatures vanquished.

Notes
Turn   | Place    | Note
-------+----------+-------------------------------------------
     0 | D:1      | Ikoden the Gargoyle Fighter began the quest for the Orb.
     0 | D:1      | Reached XP level 1. HP: 14/14 MP: 1/1
    90 | D:1      | Reached XP level 2. HP: 18/19 MP: 2/2
   590 | D:1      | Reached XP level 3. HP: 23/23 MP: 3/3
  1773 | D:2      | Reached XP level 4. HP: 27/28 MP: 4/4
  1959 | D:2      | Found an opulent altar of Gozag.
  2025 | D:2      | Reached XP level 5. HP: 32/32 MP: 5/5
  2657 | D:3      | Noticed Terence
  2676 | D:3      | Killed Terence
  2814 | D:3      | Noticed Robin
  2852 | D:3      | Killed Robin
  2852 | D:3      | Reached XP level 6. HP: 23/38 MP: 6/6
  3234 | D:3      | Noticed Natasha
  3255 | D:3      | Killed Natasha
  3412 | D:3      | Noticed Natasha
  3421 | D:3      | Killed Natasha
  3829 | D:3      | Noticed Natasha
  3851 | D:3      | Reached skill level 1 in Dodging
  3870 | D:3      | Killed Natasha
  3870 | D:3      | Reached skill level 5 in Shields
  4079 | D:3      | Reached XP level 7. HP: 36/43 MP: 7/7
  4166 | D:4      | Found a staircase to the Ecumenical Temple.
  4183 | Temple   | Entered the Ecumenical Temple
  4493 | Temple   | Became a worshipper of Qazlal Stormbringer
  4662 | D:4      | Reached skill level 5 in Maces & Flails
  4869 | D:4      | Reached skill level 5 in Armour
  5072 | D:4      | Found an ornate altar of the Wu Jian Council.
  5102 | D:5      | Entered Level 5 of the Dungeon
  5177 | D:5      | Reached * piety under Qazlal
  5340 | D:5      | Reached skill level 1 in Stealth
  5343 | D:5      | Reached XP level 8. HP: 36/48 MP: 8/8
  5524 | D:6      | Found a snail-covered altar of Cheibriados.
  5702 | D:6      | Found Zebat's Assorted Antiques.
  5729 | D:6      | Gained mutation: Your muscles are strong. (Str +2) [potion
                  | of mutation]
  5729 | D:6      | Gained mutation: Your spells are a little harder to cast,
                  | but a little more powerful. [potion of mutation]
  6354 | D:7      | Found a sacrificial altar of Ru.
  6384 | D:7      | Noticed a spriggan baker
  6395 | D:7      | Killed a spriggan baker
  6602 | D:7      | Found a shimmering altar of Xom.
  6876 | D:7      | Reached XP level 9. HP: 52/52 MP: 9/9
  6974 | D:7      | Reached ** piety under Qazlal
  7431 | D:7      | Found a sparkling altar of Nemelex Xobeh.
  7776 | D:8      | Noticed a two-headed ogre
  8072 | D:7      | Reached skill level 5 in Fighting
  8349 | D:7      | Mangled by a two-headed ogre

Skill      XL: |  1  2  3  4  5  6  7  8  9 |
---------------+----------------------------+-----
Shields        | 4 5 6 7 |  7.9
Maces & Flails | 3 4 5 7 |  7.9
Armour         | 4 5 6 |  6.3
Dodging        | 1 2 |  2.7
Fighting       | 4 5 |  5.0
Stealth        | 1 2 |  2.1

Action                   |  1- 3 |  4- 6 |  7- 9 || total
-------------------------+-------+-------+-------++-------
Melee: Flail             |   211 |   363 |     8 ||   582
       Morningstar       |       |       |   366 ||   366
  Use: Potion            |       |       |    13 ||    13
  Eat: Ration            |     1 |     3 |     4 ||     8
Armor: Scale mail        |   162 |   263 |   170 ||   595
       Skin              |       |       |    23 ||    23
Dodge: Dodged            |   104 |   116 |   128 ||   348
Block: Shield            |   148 |   216 |   305 ||   669
